 Dungeon Crawl Stone Soup version 0.29-a0-838-g385bb11a5b (webtiles) character file.

Game seed: 14671125304625681306

1463 ponyjar the Trooper (level 8, -4/69 (75) HPs)
             Began as a Naga Abyssal Knight on July 13, 2022.
             Was an Elder of Lugonu.
             Slain by a wight
             ... wielding a +5 battleaxe
              (22 damage)
             ... on level 6 of the Dungeon.
             The game lasted 00:07:00 (6400 turns).

ponyjar the Trooper (Naga Abyssal Knight)           Turns: 6400, Time: 00:07:00

HP:   -4/69 (75)    AC:  6    Str: 20    XL:     8   Next: 77%
MP:   11/11         EV: 10    Int: 13    God:    Lugonu [****..]
Gold: 261           SH:  5    Dex: 17    Spells: 7/7 levels left

rFire   . . .      SeeInvis +   u - +1 dagger (distort)
rCold   . . .      Faith    .   q - +0 buckler of Indemnity {Str-2 Dex+6}
rNeg    . . .      Spirit   .   b - +0 leather armour
rPois   +          Reflect  .   h - +0 helmet
rElec   .          Harm     .   (no cloak)
rCorr   .          Rampage  .   w - +0 pair of gloves
Will    +....                   (no barding)
Stlth   ++........              v - amulet of the acrobat
HPRegen 0.21/turn               g - +6 ring of strength
MPRegen 0.12/turn               (no ring)

@: studying Axes, drained, very slow
A: AC +2, large, see invisible, deformed body, poison resistance, slowness 2,
spit poison 1, naga tail 1
a: Spit Poison, Renounce Religion, Depart the Abyss, Bend Space, Banish, Corrupt


You were on level 6 of the Dungeon.
You worshipped Lugonu.
Lugonu was greatly pleased with you.
You visited 1 branch of the dungeon, and saw 6 of its levels.
You visited the Abyss 1 time.

You collected 261 gold pieces.

Inventory:

Hand Weapons
 a - a +1 hand axe
 s - a +0 broad axe
 u - a +1 dagger of distortion (weapon)
Armour
 b - a +0 leather armour (worn)
 h - a +0 helmet (worn)
 q - the +0 buckler of Indemnity (worn) {Str-2 Dex+6}
   (You found it on level 3 of the Dungeon)

   Str:       It affects your strength (-2).
   Dex:       It affects your dexterity (+6).
 w - a +0 pair of gloves (worn)
Jewellery
 g - a +6 ring of strength (left hand)
 v - an amulet of the acrobat (around neck)
Scrolls
 c - 3 scrolls of amnesia {unknown}
 d - 6 scrolls of identify {unknown}
 e - 2 scrolls of immolation {unknown}
 f - a scroll of noise {unknown}
 o - a scroll of brand weapon {unknown}
 p - a scroll of fog {unknown}
 r - a scroll of teleportation {unknown}
 t - a scroll of blinking {unknown}
 x - a scroll of enchant weapon {unknown}
 y - a scroll of summoning {unknown}
 z - a scroll of poison {unknown}
Potions
 i - a potion of brilliance
 j - a potion of magic
 k - 2 potions of mutation {unknown}
 m - 2 potions of lignification {unknown}
 n - a potion of might {unknown}


   Skills:
 + Level 5.5 Fighting
 - Level 3.0 Short Blades
 - Level 4.5 Axes
 - Level 2.7 Armour
 - Level 2.1 Dodging
 - Level 1.1 Stealth
 * Level 4.8 Shields
 + Level 4.6 Invocations


You had 7 spell levels left.
You didn't know any spells.
Your spell library contained the following spells:

 Spells                   Type           Power      Damage    Failure   Level
 Magic Dart               Conj           0%         1d3       41%         1
 Call Imp                 Summ           0%         N/A       54%         2
 Ensorcelled Hibernation  Hex/Ice        0%         N/A       54%         2
 Passwall                 Tmut/Erth      0%         N/A       54%         2
 Gell's Gravitas          Tloc           0%         N/A       78%         3
 Lesser Beckoning         Tloc           0%         N/A       78%         3
 Mephitic Cloud           Conj/Pois/Air  0%         N/A       78%         3
 Swiftness                Air            0%         N/A       78%         3
 Teleport Other           Tloc           0%         N/A       78%         3


Dungeon Overview and Level Annotations

Branches:
Dungeon (6/15)
 Temple: D:4-7

Altars:
Makhleb
Nemelex Xobeh

Shops:
D:5 *   D:6 *

Annotations:
Abyss:1 Pikel


Innate Abilities, Weirdness & Mutations

Your serpentine skin is tough. (AC +2)
You have supernaturally acute eyesight. (SInv)
Armour fits poorly on your strangely shaped body.
Your system is resistant to poisons. (rPois)
You cover ground very slowly.
You can spit poison.
You have a snake-like lower body.


Message History

You completely miss the white imp.
The white imp is moderately wounded.
The white imp hits you but does no damage.
There are monsters nearby!
You hit the white imp.
Space warps horribly around the white imp!
You kill the white imp!
Lugonu accepts your kill.
A wight is nearby!
The wight completely misses you.
A wight comes into view. It is wielding a +3 great sword.
You block the wight's attack.
The wight moves out of view.
The wight misses you.
You hit the wight but do no damage.
Space warps horribly around the wight!!
You destroy the wight!
Lugonu accepts your kill. The wight barely misses you.
The wight hits you with a +3 great sword!
Things that are here:
a +0 halberd; a +0 robe A wight comes into view.
It is wielding a +5 battleaxe.
The wight misses you.
You hit the wight but do no damage.
The wight blinks!
The wight attacks as you move away! The wight hits you with a +5 battleaxe!
You feel drained.
Found a bubbling grey potion.
The wight completely misses you.
You completely miss the wight.
The wight hits you with a +5 battleaxe!!
You feel drained.
* * * LOW HITPOINT WARNING * * *
You are too injured to fight recklessly!
Aiming: Fastroot
Press: ? - help, Shift-Dir - straight line The roots erupt in riotous growth!
Roots grab the wight. x2
The now-empty wand crumbles to dust.
The grasping roots constrict the wight. x2
You hear an angry hiss.
The wight struggles to escape constriction.
The wight hits you with a +5 battleaxe!!
You die...

....#.#
###....######..
......#
#............
......#
###.....###...
.......
#.........'...
#.###.#.###...
#. #.#.# . . #
#.).# ...
#.##..###.!...
#...zz@.......
###..#####....
#..# . ...z#
.....# #######


You could see 2 wights.

Vanquished Creatures
  A sky beast (D:5)
  A centaur (D:5)
  A lemure (D:4)
  Blork the orc (D:3)
  A wight (D:6)
  An orc priest (D:4)
  A jelly (D:5)
  2 iguanas
  Natasha (thrice) (D:2)
  An orc wizard (D:4)
  Robin (D:2)
  6 adders
  10 gnolls
  A white imp (D:6)
  An ufetubus (D:4)
  4 dart slugs
  5 orcs
  6 endoplasms
  5 giant cockroaches
  13 goblins
  9 hobgoblins
  8 jackals
  6 quokkas
  8 ball pythons
  7 bats
  9 frilled lizards
  9 kobolds
  3 rats
124 creatures vanquished.

Notes
Turn   | Place    | Note
-------+----------+-------------------------------------------
     0 | Abyss:1  | ponyjar the Naga Abyssal Knight began the quest for the
                  | Orb.
     0 | Abyss:1  | Reached XP level 1. HP: 21/21 MP: 2/2
    53 | Abyss:1  | Noticed a neqoxec
    56 | D:1      | Escaped the Abyss
   123 | D:1      | Reached ** piety under Lugonu
   124 | D:1      | Reached XP level 2. HP: 24/28 MP: 3/3
   580 | D:1      | Reached skill level 1 in Dodging
   580 | D:1      | Reached XP level 3. HP: 29/34 MP: 4/4
  1437 | D:2      | Reached XP level 4. HP: 23/43 MP: 5/5
  1675 | D:2      | Noticed Robin
  1686 | D:2      | Killed Robin
  1962 | D:2      | Reached *** piety under Lugonu
  2206 | D:2      | Noticed Natasha
  2212 | D:2      | Killed Natasha
  2213 | D:2      | Reached XP level 5. HP: 24/50 MP: 6/6
  2341 | D:2      | Noticed Natasha
  2349 | D:2      | Killed Natasha
  2483 | D:2      | Noticed Natasha
  2488 | D:2      | Killed Natasha
  2789 | D:3      | Found a sparkling altar of Nemelex Xobeh.
  3268 | D:3      | Identified the +0 buckler of Indemnity {Str-2 Dex+6}
  3796 | D:4      | Noticed Blork the orc
  3814 | D:3      | Killed Blork the orc
  3815 | D:3      | Reached skill level 1 in Stealth
  3815 | D:3      | Reached XP level 6. HP: 22/57 MP: 7/7
  4158 | D:4      | Noticed Pikel
  4182 | D:4      | Banished Pikel
  4183 | D:4      | Reached skill level 4 in Fighting
  4183 | D:4      | Reached XP level 7. HP: 30/66 MP: 7/9
  4575 | D:4      | Reached **** piety under Lugonu
  4636 | D:4      | Reached XP level 8. HP: 35/73 MP: 10/10
  5010 | D:5      | Entered Level 5 of the Dungeon
  5053 | D:5      | Found a burning altar of Makhleb.
  5352 | D:5      | Found Dudive's Serpentskin Sales.
  5452 | D:5      | Reached skill level 5 in Fighting
  6231 | D:6      | Found Plog's Overcharged Wands.
  6400 | D:6      | Slain by a wight

Illustrated notes

Levels and vault maps discovered:
D:1:      scummos_arrival_star, layout_rooms, nicolae_eternal_life,
          feat_on_display
D:2:      layout_basic, uniq_robin, uniq_natasha
D:3:      layout_basic, lemuel_doored_altar, grunt_ministairs_6,
          lemuel_flame_loot_1
D:4:      layout_cave_pools, minmay_manual_monstrance, uniq_pikel,
          uniq_blork_the_orc
D:5:      layout_loops_cross, mainiacjoe_overflow_alcove_1,
          nicolae_ossuary_entry_ruins, guppyfry_shop_venom
D:6:      layout_basic, portal_sewer_entry_e, nicolae_shop_overcharged_wands

Skill      XL: |  1  2  3  4  5  6  7  8 |
---------------+-------------------------+-----
Dodging        | 1 2 |  2.1
Armour         | 2 |  2.7
Axes           | 3 4 |  4.5
Stealth        | 1 |  1.1
Fighting       | 4 5 |  5.5
Short Blades   | 2 3 |  3.0
Shields        | 2 4 |  4.8
Invocations    | 3 4 |  4.6

Action                   |  1- 3 |  4- 6 |  7- 9 || total
-------------------------+-------+-------+-------++-------
Melee: Hand axe          |    83 |   100 |       ||   183
       Punch             |       |     1 |       ||     1
       Dagger            |       |    12 |   124 ||   136
       Broad axe         |       |     2 |       ||     2
Invok: Depart the Abyss  |     1 |       |       ||     1
 Abil: Spit Poison       |    22 |    14 |    10 ||    46
Evoke: Wand              |       |     2 |     2 ||     4
  Use: Potion            |       |     7 |       ||     7
Armor: Leather armour    |    44 |    44 |    40 ||   128
Dodge: Dodged            |    64 |    77 |    94 ||   235
Block: Buckler           |       |     7 |    40 ||    47

Table legend: (Time is in decaauts)
 A = Elapsed time spent in this place.
 B = Non-inter-level travel time spent in this place.
 C = Inter-level travel time spent in this place.
 D = Time resting spent in this place.
 E = Time spent auto-exploring this place.
 F = Levels seen in this place.
 G = Mean time per level.
                   A        B        C        D        E       F      G
               +--------+--------+--------+--------+--------+-----+--------+
         Total |   7641 |   7370 |    271 |    462 |   5821 |   7 | 1091.6 |
       Dungeon |   7563 |   7292 |    271 |    462 |   5746 |   6 | 1260.5 |
         Abyss |     78 |     78 |      0 |      0 |     74 |   1 |   78.0 |
               +--------+--------+--------+--------+--------+-----+--------+

Top non-repeatable levels by time:
     D:2: 1797 daAuts
     D:3: 1783 daAuts
     D:5: 1445 daAuts
     D:1: 1171 daAuts
     D:4: 1133 daAuts
     D:6: 231 daAuts
 Abyss:1: 78 daAuts
